 Dungeon Crawl Stone Soup version 0.22.1-5-g62c59d9 (webtiles) character file.

1014 Kairos the Chopper (level 8, 0/42 HPs)
             Began as a Vine Stalker Fighter on Jan 9, 2019.
             Was an Initiate of Okawaru.
             Slain by an iguana (3 damage)
             ... on level 5 of the Dungeon.
             The game lasted 00:08:45 (4582 turns).

Kairos the Chopper (Vine Stalker Fighter)           Turns: 4582, Time: 00:08:46

Health: 0/42       AC:  7    Str: 21    XL:     8   Next: 21%
Magic:  0/9        EV: 14    Int:  8    God:    Okawaru [......]
Gold:   189        SH: 11    Dex: 19    Spells: 7/7 levels left

rFire    . . .     SeeInvis .   a - +0 war axe
rCold    . . .     Gourm    .   c - +0 shield
rNeg     . . .     Faith    .   b - +0 scale mail
rPois    .         Spirit   +   (no helmet)
rElec    .         Reflect  .   (no cloak)
rCorr    .         Harm     .   (no gloves)
MR       +....                  (no boots)
Stlth    +.........             r - amulet of inaccuracy (curse)
HPRegen  0.54/turn              (no ring)
MPRegen  0.11/turn              (no ring)

@: agile, flying
A: fangs 3, regeneration 1, magic shield, antimagic bite, no potion heal 3, rot
immunity
a: Renounce Religion


You were on level 5 of the Dungeon.
You worshipped Okawaru.
Okawaru was noncommittal.
You were not hungry.

You visited 1 branch of the dungeon, and saw 5 of its levels.

You collected 189 gold pieces.

Inventory:

Hand Weapons
 a - a +0 war axe (weapon)
Armour
 b - a +0 scale mail (worn)
 c - a +0 shield (worn)
 l - a +0 chain mail
Jewellery
 d - an uncursed amulet of magic regeneration
 e - a +6 amulet of reflection
 r - a cursed amulet of inaccuracy (around neck)
Wands
 m - a wand of flame (10)
 p - a wand of random effects (62)
 u - a wand of iceblast (7)
Scrolls
 h - a scroll of teleportation
 i - a scroll of immolation
 q - 2 scrolls of amnesia
 v - 2 scrolls of identify
Potions
 g - a potion of flight
 j - 3 potions of haste
 k - 3 potions of curing
 o - a potion of resistance {unknown}
 s - 2 potions of degeneration {unknown}
 t - a potion of heal wounds {unknown}
Comestibles
 f - 4 rations


   Skills:
 + Level 3.8 Fighting
 + Level 5.5 Axes
 + Level 4.0 Armour
 + Level 1.7 Dodging
 + Level 0.2 Stealth
 + Level 5.0 Shields


You had 7 spell levels left.
You didn't know any spells.
Your spell library contained the following spells:

 Spells                   Type           Power        Failure   Level  Hunger
 Flame Tongue             Conj/Fire      #....        99%         1    ##.....
 Summon Small Mammal      Summ           #...         99%         1    ##.....
 Call Imp                 Summ           #.......     99%         2    ###....
 Throw Flame              Conj/Fire      #.....       99%         2    ###....
 Call Canine Familiar     Summ           #.......     100%        3    ####...
 Conjure Flame            Conj/Fire      #.......     100%        3    ####...
 Inner Flame              Hex/Fire       #.......     100%        3    ####...
 Summon Guardian Golem    Hex/Summ       #.......     100%        3    ####...
 Sticky Flame             Conj/Fire      #.......     100%        4    #####..
 Summon Ice Beast         Ice/Summ       #.......     100%        4    #####..
 Summon Lightning Spire   Summ/Air       #.......     100%        4    #####..
 Fireball                 Conj/Fire      #.........   100%        5    ######.


Dungeon Overview and Level Annotations

Branches:
Dungeon (5/15)
 Temple: D:4-7

Altars:
Nemelex Xobeh
Okawaru
Qazlal
Uskayaw


Innate Abilities, Weirdness & Mutations

You have razor-sharp teeth.
Your natural rate of healing is unusually fast.
When hurt, damage is shared between your health and your magic reserves.
Your bite disrupts and absorbs the magic of your enemies.
Potions cannot restore your health.
You are immune to rotting.


Message History

You barely miss the centaur. Your bite misses the centaur.
The centaur is severely wounded.
You miss the iguana.
The centaur hits you but does no damage.
The iguana bites you.
* * * LOW HITPOINT WARNING * * *
The centaur completely misses you.
The iguana bites you but does no damage.
Okay, then.
Okay, then.
Okay, then.
It was a potion of flight.
You feel very buoyant.
You fly up into the air.
The centaur hits you but does no damage.
You block the iguana's attack.
It was a potion of agility.
You feel agile all of a sudden. You block the centaur's attack.
The iguana bites you.
You die...

########.......# ##.. #.....##
...........##########'########...
...........#...................#.
...........#...................#.
...........#...................#.
...........#...................#.
...........#...................#.
...........#...lc..............#.
...........#...(@..............#.
...........##.(..###..>.##....##
....##'######(...###....##....#
....#.............#...........#
....#.............#...........#
....#.....(.......#...........#
....#########.....#...........#
............#...####.##'#######
............#...####.#.........


You could see a centaur and an iguana.

Vanquished Creatures
  Grinder (D:4)
  Duvessa (D:4)
  An orc warrior (D:3)
  Dowan (D:4)
  A howler monkey (D:4)
  A crimson imp (D:5)
  An orc priest (D:5)
  3 hounds (D:5)
  An orc wizard (D:5)
  2 bullfrog skeletons (D:5)
  A centaur skeleton (D:4)
  An iguana (D:4)
  4 worker ants
  3 adders (D:2)
  2 oozes (D:1)
  An adder zombie (D:5)
  An adder skeleton (D:3)
  2 worms
  3 dart slugs
  4 leopard geckos
  11 orcs
  9 bats
  3 giant cockroaches
  11 goblins
  9 hobgoblins
  10 jackals
  3 quokkas
  5 frilled lizards
  A kobold (D:2)
  4 rats
101 creatures vanquished.

Notes
Turn   | Place    | Note
-------+----------+-------------------------------------------
     0 | D:1      | Kairos the Vine Stalker Fighter began the quest for the
                  | Orb.
     0 | D:1      | Reached XP level 1. HP: 11/11 MP: 2/2
   172 | D:1      | Reached XP level 2. HP: 16/16 MP: 3/3
   336 | D:1      | Reached XP level 3. HP: 19/20 MP: 4/4
  1682 | D:2      | Gained mutation: Your natural rate of healing is unusually
                  | fast. [Vine Stalker growth]
  1682 | D:2      | Reached XP level 4. HP: 24/24 MP: 5/5
  1820 | D:2      | Found a sparkling altar of Nemelex Xobeh.
  2241 | D:3      | Found a hide-covered altar of Uskayaw.
  2350 | D:3      | Reached XP level 5. HP: 28/28 MP: 6/6
  2424 | D:3      | Found a stormy altar of Qazlal.
  2480 | D:3      | Noticed an orc warrior
  2489 | D:3      | Killed an orc warrior
  2668 | D:4      | Reached XP level 6. HP: 28/32 MP: 7/7
  2670 | D:4      | Noticed Grinder
  2671 | D:4      | Paralysed by Grinder for 6 turns
  2700 | D:4      | Killed Grinder
  2700 | D:4      | Reached skill level 1 in Dodging
  2700 | D:4      | Reached XP level 7. HP: 27/36 MP: 6/8
  2804 | D:4      | Found an iron altar of Okawaru.
  2830 | D:4      | Became a worshipper of Warmaster Okawaru
  3087 | D:4      | Noticed Duvessa
  3087 | D:4      | Noticed Dowan
  3126 | D:4      | HP: 1/36 [Duvessa/wand of flame (17) (6)]
  3304 | D:4      | Killed Duvessa
  3398 | D:4      | HP: 1/36 [Dowan/stone arrow (13)]
  3420 | D:4      | HP: 1/36 [Dowan/shard of ice (13)]
  3421 | D:4      | Killed Dowan
  3793 | D:4      | Reached skill level 5 in Axes
  4089 | D:5      | Entered Level 5 of the Dungeon
  4296 | D:5      | Gained mutation: You have razor-sharp teeth. [Vine Stalker
                  | growth]
  4296 | D:5      | Reached XP level 8. HP: 42/42 MP: 9/9
  4521 | D:5      | Reached skill level 5 in Shields
  4580 | D:5      | HP: 2/42 [iguana (2)]
  4582 | D:5      | Slain by an iguana

Skill      XL: |  1  2  3  4  5  6  7  8 |
---------------+-------------------------+-----
Fighting       | 3 |  3.8
Shields        | 3 4 5 |  5.0
Axes           | 2 3 4 5 |  5.5
Armour         | 3 4 |  4.0
Dodging        | 1 |  1.7
Stealth        | |  0.2

Action                   |  1- 3 |  4- 6 |  7- 9 || total
-------------------------+-------+-------+-------++-------
Melee: War axe           |    81 |   114 |   232 ||   427
       Bite              |    19 |    35 |    58 ||   112
  Use: Potion            |       |     1 |     3 ||     4
       Scroll            |       |       |     4 ||     4
  Eat: Ration            |     1 |       |     1 ||     2
       Chunk             |       |     2 |     4 ||     6
Armor: Scale mail        |    41 |    39 |    90 ||   170
Dodge: Dodged            |    19 |    21 |    55 ||    95
Block: Shield            |    42 |   115 |   138 ||   295
       Reflection        |       |     1 |       ||     1
